 Dungeon Crawl Stone Soup version 0.20-a0-792-g09bcfd3 (webtiles) character file.

4828 terra52 the Grappler (level 10, -4/56 HPs)
             Began as a Gargoyle Monk on Feb 28, 2017.
             Was a Follower of Wu Jian.
             Slain by a yak (16 damage)
             ... on level 1 of the Lair of Beasts on Mar 1, 2017.
             The game lasted 00:21:26 (8057 turns).

terra52 the Grappler (Gargoyle Monk)                Turns: 8057, Time: 00:21:27

Health: -4/56      AC: 32    Str: 16    XL:     10   Next: 49%
Magic:  10/10      EV:  6    Int: 14    God:    Wu Jian [*.....]
Gold:   334        SH:  0    Dex: 10    Spells: 9/9 levels left

rFire    . . .     SeeInvis .     - Unarmed
rCold    + . .     Gourm    .   n - +4 plate armour "Mobru" {Regen+ Int+3}
rNeg     + . .     Faith    .   (no shield)
rPois    ∞         Spirit   .   u - +2 helmet
rElec    +         Reflect  .   d - +1 cloak {MR+}
rCorr    .         Harm     .   (no gloves)
MR       +....                  p - +0 pair of boots
Stlth    ..........             A - amulet of magic regeneration
Regen    0.6/turn               (no ring)
MPRegen  0.2/turn               K - ring of protection from cold

@: no status effects
A: yellow scales 1, blurry vision 1, clumsy 1, frail 1, negative energy
resistance 1, screaming 1, electricity resistance, weak 1, unbreathing,
petrification resistance, rot immunity, AC +7
a: Renounce Religion


You were on level 1 of the Lair of Beasts.
You worshipped Wu Jian.
Wu Jian was aware of your devotion.
You were not hungry.

You visited 3 branches of the dungeon, and saw 10 of its levels.

You collected 838 gold pieces.
You spent 504 gold pieces at shops.

Inventory:

Hand Weapons
 H - the +11 hand axe "Kiopud" {speed, +Fly rF+ rN+}
   (You found it on level 6 of the Dungeon)

   Attacks with this weapon are significantly faster.
   It protects you from fire.
   It protects you from negative energy.
   It lets you fly.
Missiles
 i - 5 tomahawks
 w - 4 javelins (quivered)
Armour
 a - a +0 robe
 d - a +1 cloak of magic resistance (worn)
 n - the +4 plate armour "Mobru" (worn) {Regen+ Int+3}
   (You bought it in a shop on level 4 of the Dungeon)

   It affects your intelligence (+3).
   It increases your rate of regeneration.
 o - a +0 ring mail
 p - a +0 pair of boots (worn)
 u - a +2 helmet (worn)
Jewellery
 A - an amulet of magic regeneration (around neck)
 K - a ring of protection from cold (left hand)
 P - an uncursed ring of stealth {unknown}
Wands
 x - a wand of iceblast (8/15)
 E - a wand of polymorph (10/24)
 M - a wand of random effects (26/48)
 N - a wand of iceblast (8/15)
Scrolls
 g - 2 scrolls of fear {unknown}
 j - 3 scrolls of teleportation
 k - 10 scrolls of identify
 l - 2 scrolls of enchant weapon {unknown}
 m - a scroll of noise {unknown}
 s - 3 scrolls of magic mapping {unknown}
 v - 4 scrolls of remove curse
 y - 4 scrolls of enchant armour {unknown}
 z - 2 scrolls of amnesia
 C - a scroll of fog {unknown}
 I - 3 scrolls of recharging {unknown}
 R - a scroll of random uselessness {unknown}
Potions
 c - 5 potions of agility
 e - 2 potions of lignification
 f - 4 potions of curing
 h - 2 potions of heal wounds
 q - a potion of flight
 D - a potion of invisibility
 F - a potion of cancellation
 L - a potion of berserk rage {unknown}
 O - a potion of magic {unknown}
 Q - a potion of degeneration {unknown}
Books
 r - a book of Cantrips

   Spells                             Type                      Level
   a - Confusing Touch                Hexes                        1
   b - Animate Skeleton               Necromancy                   1
   c - Summon Small Mammal            Summoning                    1
   d - Apportation                    Translocation                1
 t - a book of Minor Magic

   Spells                             Type                      Level
   a - Magic Dart                     Conjuration                  1
   b - Blink                          Translocation                2
   c - Call Imp                       Summoning                    2
   d - Slow                           Hexes                        2
   e - Conjure Flame                  Conjuration/Fire             3
   f - Mephitic Cloud                 Conjuration/Poison/Air       3
Comestibles
 b - 3 bread rations
 B - 4 royal jellies
 G - 2 meat rations
 J - 5 chunks of flesh


   Skills:
 * Level 7.5 Fighting
 + Level 2.7 Throwing
 + Level 5.4 Armour
 + Level 4.0 Dodging
 + Level 3.1 Stealth
 * Level 11.8 Unarmed Combat


You had 9 spell levels left.
You didn't know any spells.

Dungeon Overview and Level Annotations

Branches:
Dungeon (8/15)             Temple (1/1) D:7            Lair (1/6) D:8

Altars:
Ashenzari
Dithmenos
Elyvilon
Fedhas
Gozag
Hepliaklqana
Kikubaaqudgha
Makhleb
Nemelex Xobeh
Okawaru
Qazlal
Ru
Sif Muna
Trog
Uskayaw
Vehumet
Wu Jian
Xom
Yredelemnul
Zin
The Shining One

Shops:
D:4 [


Innate Abilities, Weirdness & Mutations

You are resistant to torment.
Your stone body is resilient. (AC +7)
You are immune to poison.
You resist negative energy. (rN+)
You are resistant to electric shocks. (rElec)
You can survive without breathing.
You are immune to petrification.
You are immune to rotting.
You are partially covered in yellow scales. (AC +2)
Scrolls take you a little longer to read.
You are clumsy. (Dex -2)
You are frail. (-10% HP)
You occasionally shout uncontrollably at your foes.
You are weak. (Str -2)


Message History

You spin and attack the yak.
You punch the yak!
The yak is almost dead.
The yak gores you.
* * * LOW HITPOINT WARNING * * *
The yak completely misses you.
You spin and attack the yak.
You barely miss the yak.
The yak is almost dead.
The yak gores you but does no damage. The yak gores you.
* * * LOW HITPOINT WARNING * * *
The yak barely misses you. The yak gores you.
* * * LOW HITPOINT WARNING * * *
The yak rages.
The yak gores you but does no damage. The yak gores you but does no damage.
The yak gores you but does no damage. The yak barely misses you.
The yak gores you but does no damage.
The yak rages.
The yak gores you!
You die...

#..# #........#..... ##.#
P.....##..P#........... # #Y#
#..........P........... P##.##
#...................... .....#
##...................... ##..##
#......##............... #..#
####......#................
##..###P#
##....#...#............
........###..##.@....##.†.##P###
.......Y...Y.#PY..........#
...........YY..Y......#.<.##
......................#....#
#........###..#......##.######
####..>.###......#..##......P##
#......#...........#..........
............................####
#...................##.....##


You could see 4 yaks.

Vanquished Creatures
  Pikel (D:5)
  The ghost of GlassEater the Conjurer, a novice DrCj (D:5)
  A centaur skeleton (D:8)
  2 hippogriffs
  A wyvern (D:8)
  A basilisk (Lair:1)
  The ghost of shmesh the Chopper, an amateur DsGl (D:4)
  Menkaure (D:4)
  Duvessa (D:5)
  An ice beast (D:8)
  A sky beast (D:7)
  A black bear (D:7)
  The ghost of Akrius the Ruffian, an amateur MiMo (D:3)
  7 ogres
  A centaur (D:8)
  4 bullfrogs
  Dowan (D:5)
  A wyvern skeleton (D:8)
  3 scorpions
  5 killer bees (D:7)
  5 howler monkeys
  4 crimson imps
  A bullfrog skeleton (D:7)
  A jelly (D:8)
  2 orc wizards (D:3)
  Crazy Yiuf (D:6)
  6 iguanas
  Natasha (thrice) (D:4)
  4 worker ants
  2 hound skeletons
  8 gnolls
  11 adders
  2 shadow imps
  An adder skeleton (D:6)
  A worm (D:5)
  9 leopard geckos
  15 orcs
  6 bats
  5 giant cockroaches
  9 goblins
  11 hobgoblins
  5 jackals
  6 quokkas
  A ball python (D:4)
  7 frilled lizards
  2 jackal zombies
  5 kobolds
  13 rats
182 creatures vanquished.

Vanquished Creatures (others)
  A slave (D:6)
  An adder (D:6)
  A plant (Lair:1)
3 creatures vanquished.

Grand Total: 185 creatures vanquished

Notes
Turn   | Place    | Note
-------+----------+-------------------------------------------
     0 | D:1      | terra52 the Gargoyle Monk began the quest for the Orb.
     0 | D:1      | Reached XP level 1. HP: 14/14 MP: 1/1
   213 | D:1      | Reached XP level 2. HP: 10/19 MP: 2/2
   914 | D:1      | Reached XP level 3. HP: 12/24 MP: 3/3
  1486 | D:2      | Reached XP level 4. HP: 29/29 MP: 4/4
  1501 | D:2      | Reached skill level 4 in Unarmed Combat
  1703 | D:2      | Found a blossoming altar of Fedhas.
  1756 | D:2      | Reached XP level 5. HP: 29/33 MP: 5/5
  2250 | D:3      | Found a sparkling altar of Nemelex Xobeh.
  2346 | D:3      | Noticed Akrius's ghost (amateur MiMo)
  2390 | D:3      | Killed Akrius's ghost
  2390 | D:3      | Reached skill level 5 in Unarmed Combat
  2390 | D:3      | Reached XP level 6. HP: 3/39 MP: 6/6
  3092 | D:4      | Found an opulent altar of Gozag.
  3107 | D:4      | Noticed Menkaure
  3111 | D:4      | Killed Menkaure
  3111 | D:4      | Reached skill level 1 in Armour
  3111 | D:4      | Reached skill level 6 in Unarmed Combat
  3164 | D:4      | Reached XP level 7. HP: 12/44 MP: 7/7
  3393 | D:4      | Found Oxamuf's Antique Armour Emporium.
  3411 | D:4      | Became a worshipper of Gozag Ym Sagoz the Greedy
  3508 | D:4      | Reached skill level 5 in Fighting
  3791 | D:4      | Noticed shmesh's ghost (amateur DsGl)
  3817 | D:4      | Killed shmesh's ghost
  3817 | D:4      | Reached skill level 7 in Unarmed Combat
  3817 | D:4      | Reached XP level 8. HP: 49/49 MP: 8/8
  3906 | D:4      | Noticed Natasha
  3908 | D:4      | Killed Natasha
  4175 | D:4      | Noticed Natasha
  4182 | D:4      | Killed Natasha
  4251 | D:4      | Noticed Natasha
  4258 | D:4      | Killed Natasha
  4348 | D:4      | Reached skill level 1 in Throwing
  4780 | D:5      | Entered Level 5 of the Dungeon
  4793 | D:5      | Found a shattered altar of Ashenzari.
  5032 | D:5      | Reached skill level 8 in Unarmed Combat
  5128 | D:5      | Noticed Duvessa
  5143 | D:5      | Killed Duvessa
  5212 | D:4      | Bought a spiked plate armour for 504 gold pieces
  5222 | D:4      | Identified the +4 plate armour "Mobru" {Regen+ Int+3} (You bought it in a shop on level 4 of the Dungeon)
  5253 | D:5      | Noticed Dowan
  5270 | D:5      | Killed Dowan
  5317 | D:5      | Noticed a moth of wrath
  5317 | D:5      | Noticed GlassEater's ghost (novice DrCj)
  5371 | D:5      | Killed GlassEater's ghost
  5371 | D:5      | Reached XP level 9. HP: 30/56 MP: 9/9
  5441 | D:5      | Found a bloodstained altar of Trog.
  5649 | D:6      | Reached skill level 9 in Unarmed Combat
  5730 | D:6      | Noticed Pikel
  5765 | D:5      | Killed Pikel
  5976 | D:6      | Found a basalt altar of Yredelemnul.
  5977 | D:6      | Found an iron altar of Okawaru.
  5980 | D:6      | Got a slimy hand axe
  5982 | D:6      | Found a deep blue altar of Sif Muna.
  5984 | D:6      | Identified the +11 hand axe "Kiopud" {speed, +Fly rF+ rN+} (You found it on level 6 of the Dungeon)
  6026 | D:6      | Found a runed door.
  6030 | D:6      | Noticed Crazy Yiuf
  6034 | D:6      | Killed Crazy Yiuf
  6098 | D:6      | Reached skill level 10 in Unarmed Combat
  6274 | D:7      | Found a staircase to the Ecumenical Temple.
  6287 | Temple   | Entered the Ecumenical Temple
  6601 | D:7      | Found an ornate altar of the Wu Jian Council.
  6608 | D:7      | Fell from the grace of Gozag
  6608 | D:7      | Became a worshipper of the Wu Jian Council
  6701 | D:7      | Reached XP level 10. HP: 63/63 MP: 10/10
  6706 | D:7      | Gained mutation: You are weak. (Str -2) [mutagenic meat]
  6707 | D:7      | Gained mutation: You are frail. (-10% HP) [mutagenic meat]
  6708 | D:7      | Gained mutation: You occasionally shout uncontrollably at your foes. [mutagenic meat]
  6709 | D:7      | Gained mutation: You are partially covered in yellow scales. (AC +2) [mutagenic meat]
  6710 | D:7      | Gained mutation: You are clumsy. (Dex -2) [mutagenic meat]
  6711 | D:7      | Gained mutation: Scrolls take you a little longer to read. [mutagenic meat]
  6743 | D:7      | Found a shimmering altar of Xom.
  7298 | D:8      | Reached skill level 11 in Unarmed Combat
  7467 | D:8      | Reached * piety under Wu Jian
  7473 | D:8      | Found an iron altar of Okawaru.
  7484 | D:8      | Reached skill level 5 in Armour
  7582 | D:8      | Found a staircase to the Lair.
  7817 | D:8      | Found a hide-covered altar of Uskayaw.
  7831 | D:8      | Found a glowing silver altar of Zin.
  7966 | Lair:1   | Entered Level 1 of the Lair of Beasts
  8057 | Lair:1   | Slain by a yak

Vault maps used:
D:1:      dpeg_arrival_fog
D:2:      kennysheep_big_flooded_room, lemuel_coloured_pillars_altar,
          kennysheep_generic_room_16
D:3:      nemelex_xobeh_ov_fountains_minmay, first_bread,
          hangedman_decor_slide_cut
D:4:      serial_shops, nicolae_shop_behind_doors,
          nicolae_gozag_cash_rules_everything_around_me, uniq_natasha,
          uniq_menkaure
D:5:      tgw_trog, ashenzari_altar_1, kennysheep_windowed_goal, uniq_duvessa
D:6:      grunt_temple_overflow_diamond, uniq_pikel, uniq_crazy_yiuf_cottage
D:7:      nicolae_overflow_crystal_walls, kennysheep_little_box, temple_statues
D:8:      lemuel_round_altar, overflow_temple_1_default, lair_entry_dummy,
          okawaru_ov_weapons_minmay
Temple:   jpeg_temple_alley_garden

Skill      XL: |  1  2  3  4  5  6  7  8  9 10 |
---------------+-------------------------------+-----
Unarmed Combat | 4 5 6 7 8 10 11 | 11.8
Fighting       | 4 5 6 7 |  7.5
Dodging        | 3 4 |  4.0
Armour         | 1 2 3 4 5 |  5.4
Throwing       | 2 |  2.7
Stealth        | 3 |  3.1

Action                   |  1- 3 |  4- 6 |  7- 9 | 10-12 || total
-------------------------+-------+-------+-------+-------++-------
Melee: Unarmed           |   109 |   270 |   289 |   181 ||   849
       Punch             |     1 |     3 |     9 |     2 ||    15
       Hand axe          |       |       |    67 |       ||    67
Throw: Javelin           |       |     4 |    32 |       ||    36
       Tomahawk          |       |       |     2 |       ||     2
  Use: Scroll            |     1 |       |     2 |     5 ||     8
 Stab: Sleeping          |     2 |       |       |       ||     2
  Eat: Chunk             |     2 |     6 |       |    12 ||    20
       Meat ration       |       |       |     2 |       ||     2
Armor: Robe              |    23 |       |       |       ||    23
       Ring mail         |     5 |    98 |    69 |       ||   172
       Plate armour      |       |       |   134 |   125 ||   259
Dodge: Dodged            |    72 |   128 |   160 |    45 ||   405
